 Dungeon Crawl Stone Soup version 0.27.0-1-g7a089689b8 (webtiles) character file.

Game seed: 1317089137259236318

2699 Kinoniko the Cleaver (level 9, -7/70 HPs)
             Began as a Minotaur Fighter on Aug 3, 2021.
             Was an Elder of Okawaru.
             Blown up by an orc priest (22 damage)
             ... with a mindburst bolt
             ... on level 6 of the Dungeon.
             The game lasted 00:06:43 (5015 turns).

Kinoniko the Cleaver (Minotaur Fighter)             Turns: 5015, Time: 00:06:44

Health: -7/70      AC:  9    Str: 30    XL:     9   Next: 38%
Magic:  12/12      EV: 18    Int:  5    God:    Okawaru [****..]
Gold:   206        SH:  0    Dex: 11    Spells: 8/8 levels left

rFire    + . .     SeeInvis .   e - +9 battleaxe of the Smoking Oracle {spect, +Blink rF+ Will- Str+7}
rCold    . . .     Faith    .   (shield currently unavailable)
rNeg     . . .     Spirit   .   b - +0 scale mail
rPois    .         Reflect  .   (helmet restricted)
rElec    .         Harm     .   i - +1 cloak
rCorr    .         Rampage  .   (no gloves)
Will     .....                  (no boots)
Stlth    ..........             (no amulet)
HPRegen  0.21/turn              j - +4 ring of evasion
MPRegen  0.13/turn              m - +4 ring of evasion

@: no status effects
A: horns 2, retaliatory headbutt
a: Renounce Religion, Evoke Blink, Heroism


You were on level 6 of the Dungeon.
You worshipped Okawaru.
Okawaru was greatly pleased with you.
You visited 1 branch of the dungeon, and saw 6 of its levels.
You also visited: Sewer.

You collected 206 gold pieces.

Inventory:

Hand Weapons
 a - a +0 war axe
 e - the +9 battleaxe of the Smoking Oracle (weapon) {spect, +Blink rF+ Will- Str+7}
   (You acquired it on level 4 of the Dungeon)

   When its wielder attacks, the weapon's spirit leaps out and strikes again.
   The spirit shares a part of any damage it takes with its wielder.
   Str:       It affects your strength (+7).
   rF:        It protects you from fire.
   +Blink:    It lets you blink.
   Will:      It decreases your willpower.
Armour
 b - a +0 scale mail (worn)
 c - a +0 kite shield
 i - a +1 cloak (worn)
Jewellery
 f - a ring of wizardry
 j - a +4 ring of evasion (left hand)
 m - a +4 ring of evasion (right hand)
 r - a ring of protection from cold
 t - an amulet of reflection
Wands
 n - a wand of paralysis (10)
 u - a wand of flame (27)
Scrolls
 h - 2 scrolls of immolation
 l - a scroll of torment {unknown}
 q - 4 scrolls of teleportation
Potions
 d - a potion of berserk rage
 g - a potion of curing {unknown}
 k - a potion of heal wounds
 o - 3 potions of haste {unknown}
 p - 2 potions of mutation {unknown}
 s - a potion of invisibility {unknown}
 v - a potion of cancellation {unknown}
 w - 2 potions of magic {unknown}
 x - a potion of might


   Skills:
 - Level 3.6 Fighting
 * Level 12.4 Axes
 - Level 3.6 Armour
 - Level 6.2 Shields
 + Level 5.9 Invocations


You had 8 spell levels left.
You didn't know any spells.
Your spell library contained the following spells:

 Spells                   Type           Power      Damage    Failure   Level
 Animate Skeleton         Necr           0%         N/A       73%         1
 Apportation              Tloc           0%         N/A       73%         1
 Corona                   Hex            0%         N/A       73%         1
 Summon Small Mammal      Summ           0%         N/A       73%         1
 Corpse Rot               Necr/Air       N/A        N/A       86%         2
 Poisonous Vapours        Pois/Air       0%         N/A       86%         2
 Ignite Poison            Fire/Tmut/Pois 0%         N/A       97%         3
 Swiftness                Air            0%         N/A       97%         3
 Summon Ice Beast         Ice/Summ       0%         N/A       100%        4
 Summon Lightning Spire   Summ/Air       0%         N/A       100%        4
 Iskenderun's Battlesphe  Conj           0%         2d6       100%        5
 Iron Shot                Conj/Erth      0%         9d1       100%        6
 Dragon Form              Tmut           0%         N/A       100%        7
 Spellforged Servitor     Conj/Summ      0%         N/A       100%        7
 Dragon's Call            Summ           0%         N/A       100%        9


Dungeon Overview and Level Annotations

Branches:
Dungeon (6/15)             Temple (0/1) D:4           Sewer (visited)

Altars:
Cheibriados
Okawaru
Qazlal
Sif Muna

Shops:
D:1 :

Annotations:
D:6 1 transporter


Innate Abilities, Weirdness & Mutations

You have a pair of horns on your head.
You reflexively headbutt those who attack you in melee.


Message History

A white imp comes into view.
The orc hits you with a +0 flail!
You closely miss the orc. You barely miss the orc.
Your spectral +9 battleaxe of the Smoking Oracle {spect, +Blink rF+ Will- Str+7} hits the orc!
You kill the orc!
Okawaru accepts your kill. The orc closely misses you.
The orc priest invokes the aid of Beogh against you.
Beogh smites you!
You are too injured to fight recklessly!
You are too injured to fight recklessly!
You are too injured to fight recklessly!
You slice the orc!!
You kill the orc!
The white imp gestures at you. The puff of frost misses you.
The orc priest calls down the wrath of Beogh upon you.
Pain shoots through your body!
* * * LOW HITPOINT WARNING * * *
You feel much better.
The orc priest mumbles some strange prayers to Beogh against you.
Pain shoots through your body! The white imp gestures at you.
The puff of frost hits you!
The orc priest calls down the wrath of Beogh upon you.
Pain shoots through your body!
* * * LOW HITPOINT WARNING * * *
Things that are here:
a +0 flail; 3 boomerangs; an orc corpse
Okay, then.
Unknown command.
Aiming: Paralyse
Press: ? - help, Shift-Dir - straight line, f - orc priest
Aim: an orc priest, wielding a +0 trident, wearing a +0 scale mail and carrying a wand of mindburst (15) (chance to affect: 46%)
The orc priest resists with some effort.
The orc priest hits you from afar with a +0 trident.
* * * LOW HITPOINT WARNING * * *
Found a leather armour.
The orc priest zaps a wand.
Your mind is blasted!
You die...

....,,,,,,**,***,,,,,,,,,,***,**
....**,**,,,,,..........,** *,*
............*,..........,** ***
........,..#**#.....(...,,*
........*#.## #>........,**
.......###..###.......##***
............##..........,,*
................5.......,,*
..............).@o......,,**
.........)....)...#..##.,,,*
.........#.....#..#,,...,,****
.....)#.....####..#*,,,.****,**
..............*#[##***,,,**,,,**
..........##.....#** *,,,**,,,,*
...........#......,****,,,,,,,,**
##....#.........#.,,****,,,,,,,,*
#....#.......###,*,,*,,,,,,,,,,*


You could see an orc priest and a white imp.

Vanquished Creatures
  Grinder (Sewer)
  6 yaks (D:5)
  A necrophage (D:3)
  A black bear (D:4)
  An ogre (D:4)
  2 centaurs
  2 phantoms
  A kobold brigand (Sewer)
  Blork the orc (D:5)
  A water moccasin zombie (D:6)
  A wyvern skeleton (D:4)
  3 water moccasin skeletons
  2 quasits (Sewer)
  2 hounds (D:4)
  3 orc priests
  Jessica (D:2)
  2 iguanas (D:4)
  2 orc wizards
  A killer bee zombie (D:5)
  A hound zombie (D:5)
  A hound skeleton (D:4)
  7 adders
  4 gnolls (D:2)
  A shadow imp (Sewer)
  2 white imps
  5 ufetubi
  An adder skeleton (D:4)
  2 adder zombies (Sewer)
  A worm (D:6)
  3 dart slugs
  20 orcs
  4 bats
  9 endoplasms
  9 giant cockroaches
  9 goblins
  5 hobgoblins
  12 jackals
  3 quokkas
  4 ball pythons
  7 frilled lizards
  25 kobolds
  A kobold zombie (Sewer)
  13 rats
183 creatures vanquished.

Notes
Turn   | Place    | Note
-------+----------+-------------------------------------------
     0 | D:1      | Kinoniko the Minotaur Fighter began the quest for the Orb.
     0 | D:1      | Reached XP level 1. HP: 19/19 MP: 0/0
    56 | D:1      | Reached skill level 3 in Axes
    61 | D:1      | Reached XP level 2. HP: 20/26 MP: 1/1
   679 | D:1      | Found Woddurr's Book Emporium.
   692 | D:1      | Reached XP level 3. HP: 15/31 MP: 2/2
   990 | D:2      | Reached skill level 4 in Axes
  1347 | D:2      | Reached XP level 4. HP: 31/39 MP: 3/3
  1447 | D:2      | Reached skill level 5 in Axes
  1960 | D:2      | Noticed Jessica
  1966 | D:2      | Killed Jessica
  1967 | D:2      | Reached skill level 5 in Shields
  1967 | D:2      | Reached XP level 5. HP: 42/45 MP: 4/4
  2199 | D:3      | Found an iron altar of Okawaru.
  2219 | D:3      | Became a worshipper of Warmaster Okawaru
  2260 | D:3      | Found a stormy altar of Qazlal.
  2273 | D:3      | Reached skill level 6 in Axes
  2297 | D:3      | Noticed a necrophage
  2307 | D:3      | Killed a necrophage
  2308 | D:3      | Reached XP level 6. HP: 50/51 MP: 5/5
  2545 | D:3      | Reached skill level 7 in Axes
  2570 | D:3      | Reached * piety under Okawaru
  2674 | D:4      | Found a staircase to the Ecumenical Temple.
  2690 | D:4      | Reached XP level 7. HP: 46/57 MP: 6/6
  2749 | D:4      | Identified a scroll of acquirement
  2749 | D:4      | Acquired the +9 battleaxe of the Smoking Oracle {spect,
                  | +Blink rF+ Will- Str+7}
  2844 | D:4      | Reached skill level 8 in Axes
  2844 | D:4      | Reached skill level 1 in Invocations
  3041 | D:4      | Found a snail-covered altar of Cheibriados.
  3407 | D:4      | Reached ** piety under Okawaru
  3408 | D:4      | Reached skill level 9 in Axes
  3594 | D:5      | Entered Level 5 of the Dungeon
  3729 | D:5      | Reached XP level 8. HP: 64/64 MP: 7/9
  3909 | D:5      | Got the Almanac of Companions
  3976 | D:5      | Reached skill level 10 in Axes
  3978 | D:5      | Reached *** piety under Okawaru
  3981 | D:5      | Reached skill level 11 in Axes
  3984 | D:5      | Reached skill level 5 in Invocations
  3984 | D:5      | Reached XP level 9. HP: 52/70 MP: 9/11
  4108 | D:5      | Got the Catalogue of Shifting Lightness
  4135 | D:5      | Noticed Blork the orc
  4140 | D:5      | Killed Blork the orc
  4260 | D:5      | Identified the +3 morningstar "Wuhyan" {flame, rC++}
  4461 | D:5      | Found a shimmering blue altar of Sif Muna.
  4507 | D:6      | Found a transporter.
  4597 | D:6      | Found a glowing drain.
  4601 | Sewer    | Entered a sewer
  4685 | Sewer    | Found a burning altar of Makhleb.
  4768 | Sewer    | Noticed Grinder
  4772 | Sewer    | Killed Grinder
  4773 | Sewer    | Reached skill level 12 in Axes
  4942 | D:6      | Reached **** piety under Okawaru
  5015 | D:6      | Blown up by an orc priest

Illustrated notes

Levels and vault maps discovered:
D:1:      minmay_arrival_wavy_path, layout_rooms, serial_shops,
          nicolae_shop_trees, chequers_serial_rivers_marsh
D:2:      minmay_general_purpose_star, layout_loops_ring, st_stairs_11,
          uniq_jessica
D:3:      cheibrodos_pilgrimage, layout_rooms, okawaru_trees_1,
          mainiacjoe_overflow_24_doors
D:4:      layout_basic, mainiacjoe_overflow_catwalk, minmay_temple_entry_tees,
          kennysheep_generic_room_4
D:5:      layout_basic, lemuel_blue_sif_altar, serial_bayou_pond_e,
          uniq_blork_the_orc
D:6:      gammafunk_steamed_eel, layout_cave_pools, gup_sewer_entry_spiral

Skill      XL: |  1  2  3  4  5  6  7  8  9 |
---------------+----------------------------+-----
Axes           | 3 4 5 6 7 9 11 12 | 12.4
Shields        | 4 5 6 |  6.2
Invocations    | 2 5 |  5.9
Fighting       | |  3.6
Armour         | |  3.6

Action                   |  1- 3 |  4- 6 |  7- 9 || total
-------------------------+-------+-------+-------++-------
Melee: War axe           |   104 |   107 |       ||   211
       Headbutt          |     7 |    23 |    13 ||    43
       Battleaxe         |       |       |    93 ||    93
Evoke: Wand              |       |       |     1 ||     1
  Use: Potion            |       |     1 |     2 ||     3
       Scroll            |       |       |     8 ||     8
Armor: Scale mail        |    62 |    34 |    23 ||   119
Dodge: Dodged            |    38 |    62 |    85 ||   185
Block: Kite shield       |    65 |    69 |     3 ||   137
